TOP OF THE 1ST |
Indian Hills Voodoo batting - Pitching for Monroe Mallards : RHP António Lara
|
Pitching: RHP António Lara
|
|
Batting: RHB Doug Hunt
|
0-0: Called Strike 0-1: Ball 1-1: Called Strike 1-2: Ball 2-2: Ball 3-2: Fly out, F7 (Line Drive, 78M)
|
Batting: RHB Thomas Moore
|
0-0: SINGLE (Groundball, 56D)
|
Batting: LHB Robinson López
|
0-0: Called Strike 0-1: Swinging Strike 0-2: Ball 1-2: Strikes out looking
|
Batting: SHB Cisco Oliva
|
0-0: Called Strike 0-1: Swinging Strike 0-2: Ball Wild Pitch! Thomas Moore to second 1-2: Ball 2-2: Foul Ball, location: 2F 2-2: Foul Ball, location: 2F 2-2: Ball 3-2: Base on Balls
|
Batting: RHB Ron Davis
|
0-0: Called Strike 0-1: Ball 1-1: Called Strike 1-2: Strikes out swinging
|
Top of the 1st over - 0 run(s), 1 hit(s), 0 error(s), 2 left on base; Indian Hills 0 - Monroe 0 |
BOTTOM OF THE 1ST |
Monroe Mallards batting - Pitching for Indian Hills Voodoo : RHP Orlando Aldape
|
Pitching: RHP Orlando Aldape
|
|
Batting: RHB Ricardo López
|
0-0: Called Strike 0-1: Ground out 5-3 (Groundball, 56)
|
Batting: RHB Roberto Sánchez
|
0-0: Ball 1-0: Foul Ball, location: 2F 1-1: Ball 2-1: Called Strike 2-2: Ball 3-2: Ground out 4-3 (Groundball, 4M)
|
Batting: RHB Dave Sawyer
|
0-0: Called Strike 0-1: Ball 1-1: Called Strike 1-2: Strikes out looking
|
Bottom of the 1st over - 0 run(s), 0 hit(s), 0 error(s), 0 left on base; Indian Hills 0 - Monroe 0 |
TOP OF THE 2ND |
Indian Hills Voodoo batting - Pitching for Monroe Mallards : RHP António Lara
|
Batting: LHB Jorge Ortega
|
0-0: Ball 1-0: Fly out, F8 (Flyball, 8LM)
|
Batting: SHB Pancho Ruíz
|
0-0: Swinging Strike 0-1: Foul Ball, location: 2F 0-2: Fly out, F4 (Line Drive, 4)
|
Batting: RHB Jorge Guzmán
|
0-0: Called Strike 0-1: Ball 1-1: Called Strike 1-2: Ball 2-2: Strikes out swinging
|
Top of the 2nd over - 0 run(s), 0 hit(s), 0 error(s), 0 left on base; Indian Hills 0 - Monroe 0 |
BOTTOM OF THE 2ND |
Monroe Mallards batting - Pitching for Indian Hills Voodoo : RHP Orlando Aldape
|
Batting: LHB Allen Boyd
|
0-0: Ball 1-0: Swinging Strike 1-1: Ball 2-1: Foul Ball, location: 2F 2-2: Ball 3-2: Strikes out swinging
|
Batting: RHB Cisco López
|
0-0: Called Strike 0-1: Ball 1-1: Ground out 5-3 (Groundball, 56)
|
Batting: RHB Stephen Black
|
0-0: Ball 1-0: Called Strike 1-1: Called Strike 1-2: Foul Ball, location: 2F 1-2: Foul Ball, location: 2F 1-2: Ground out 4-3 (Groundball, 4)
|
Bottom of the 2nd over - 0 run(s), 0 hit(s), 0 error(s), 0 left on base; Indian Hills 0 - Monroe 0 |
TOP OF THE 3RD |
Indian Hills Voodoo batting - Pitching for Monroe Mallards : RHP António Lara
|
Batting: RHB Dave McGuire
|
0-0: Ball 1-0: Ground out 6-3 (Groundball, 6)
|
Batting: RHB Doug Hunt
|
0-0: Called Strike 0-1: Ball 1-1: Ball 2-1: Ground out 6-3 (Groundball, 6)
|
Batting: RHB Thomas Moore
|
0-0: Called Strike 0-1: Ball 1-1: Ball 2-1: Ground out 4-3 (Groundball, 4)
|
Top of the 3rd over - 0 run(s), 0 hit(s), 0 error(s), 0 left on base; Indian Hills 0 - Monroe 0 |
BOTTOM OF THE 3RD |
Monroe Mallards batting - Pitching for Indian Hills Voodoo : RHP Orlando Aldape
|
Batting: RHB Rafael Crus
|
0-0: Ball 1-0: Foul Ball, location: 2F 1-1: Ball 2-1: SINGLE (Line Drive, 89S)
|
Batting: SHB Richie Gallegos
|
0-0: Fly out, F8 (Flyball, 8LD)
|
Batting: LHB Ramón Chávez
|
0-0: Ball 1-0: Ball 2-0: Ball 3-0: Called Strike 3-1: Called Strike 3-2: Fly out, F7 (Flyball, 7LS)
|
Batting: RHB Ricardo López
|
0-0: Called Strike Rafael Crus steals 2nd base 0-1: Swinging Strike 0-2: Strikes out swinging
|
Bottom of the 3rd over - 0 run(s), 1 hit(s), 0 error(s), 1 left on base; Indian Hills 0 - Monroe 0 |
TOP OF THE 4TH |
Indian Hills Voodoo batting - Pitching for Monroe Mallards : RHP António Lara
|
Batting: LHB Robinson López
|
0-0: Ball 1-0: Foul Ball, location: 2F 1-1: Foul Ball, location: 2F 1-2: Ball 2-2: Ball 3-2: Fly out, F3 (Popup, 3L)
|
Batting: SHB Cisco Oliva
|
0-0: Ball 1-0: Ball 2-0: Called Strike 2-1: Ground out U3 (Groundball, 34)
|
Batting: RHB Ron Davis
|
0-0: Foul Ball, location: 2F 0-1: Fly out, F8 (Flyball, 89M)
|
Top of the 4th over - 0 run(s), 0 hit(s), 0 error(s), 0 left on base; Indian Hills 0 - Monroe 0 |
BOTTOM OF THE 4TH |
Monroe Mallards batting - Pitching for Indian Hills Voodoo : RHP Orlando Aldape
|
Batting: RHB Roberto Sánchez
|
0-0: Ball 1-0: Fly out, F8 (Flyball, 8RM)
|
Batting: RHB Dave Sawyer
|
0-0: Ground out 5-3 (Groundball, 5)
|
Batting: LHB Allen Boyd
|
0-0: Swinging Strike 0-1: Swinging Strike 0-2: Ground out 6-3 (Groundball, 6)
|
Bottom of the 4th over - 0 run(s), 0 hit(s), 0 error(s), 0 left on base; Indian Hills 0 - Monroe 0 |
TOP OF THE 5TH |
Indian Hills Voodoo batting - Pitching for Monroe Mallards : RHP António Lara
|
Batting: LHB Jorge Ortega
|
0-0: Ball 1-0: Ball 2-0: Called Strike 2-1: Called Strike 2-2: SINGLE (Flyball, 8LS)
|
Batting: SHB Pancho Ruíz
|
0-0: Ball Jorge Ortega steals 2nd base 1-0: Called Strike 1-1: SINGLE (Line Drive, 9LS) Jorge Ortega to third Runner from 3rd tries for Home, SAFE, no throw
|
Batting: RHB Jorge Guzmán
|
0-0: Ball 1-0: Fly out, F8 (Flyball, 8LM)
|
Batting: RHB Dave McGuire
|
0-0: Swinging Strike 0-1: Ball 1-1: Ball 2-1: Ball 3-1: Fly out, F9 (Line Drive, 9)
|
Batting: RHB Doug Hunt
|
0-0: Called Strike 0-1: Swinging Strike 0-2: Ball 1-2: Strikes out looking
|
Top of the 5th over - 1 run(s), 2 hit(s), 0 error(s), 1 left on base; Indian Hills 1 - Monroe 0 |
BOTTOM OF THE 5TH |
Monroe Mallards batting - Pitching for Indian Hills Voodoo : RHP Orlando Aldape
|
Batting: RHB Cisco López
|
0-0: SOLO HOME RUN (Flyball, 8LXD), Distance : 427 ft
|
Batting: RHB Stephen Black
|
0-0: Ball 1-0: Ball 2-0: Ball 3-0: Base on Balls
|
Batting: RHB Rafael Crus
|
0-0: Ball 1-0: Called Strike 1-1: 2-RUN HOME RUN (Flyball, 78XD), Distance : 406 ft
|
Batting: SHB Richie Gallegos
|
0-0: Called Strike 0-1: Foul Ball, location: 2F 0-2: Ball 1-2: Ball 2-2: Strikes out swinging
|
Batting: LHB Ramón Chávez
|
0-0: Called Strike 0-1: Called Strike 0-2: Strikes out swinging
|
Batting: RHB Ricardo López
|
0-0: Foul Ball, location: 2F 0-1: Swinging Strike 0-2: Foul Ball, location: 2F 0-2: Foul Ball, location: 2F 0-2: SINGLE (Groundball, 6D)
|
Batting: RHB Roberto Sánchez
|
0-0: Ball Wild Pitch! Ricardo López to second 1-0: Called Strike 1-1: SINGLE (Groundball, 5L) (infield hit) Ricardo López to third
|
Batting: RHB Dave Sawyer
|
0-0: Called Strike 0-1: Ball 1-1: Single, Error in OF, E7, batter to second base Ricardo López scores Roberto Sánchez to third
|
Batting: LHB Allen Boyd
|
0-0: Ball 1-0: Called Strike 1-1: Ball 2-1: Fly out, F7 (Flyball, 78S)
|
Bottom of the 5th over - 4 run(s), 5 hit(s), 1 error(s), 2 left on base; Indian Hills 1 - Monroe 4 |
TOP OF THE 6TH |
Indian Hills Voodoo batting - Pitching for Monroe Mallards : RHP António Lara
|
Batting: RHB Thomas Moore
|
0-0: Foul Ball, location: 2F 0-1: Ball 1-1: Ground out 1-3 (Groundball, 15S)
|
Batting: LHB Robinson López
|
0-0: Called Strike 0-1: SINGLE (Flyball, 8LS)
|
Batting: SHB Cisco Oliva
|
0-0: Called Strike 0-1: Ball 1-1: Ball 2-1: Fielders Choice at 2nd, 3-6 (Groundball, 34)
|
Pitching: RHP Mark Thompson
|
|
Batting: RHB Ron Davis
|
0-0: Called Strike 0-1: Ball Cisco Oliva steals 2nd base 1-1: Foul Ball, location: 2F 1-2: Foul Ball, location: 2F 1-2: Foul Ball, location: 2F 1-2: Ball 2-2: Fly out, F9 (Flyball, 9S)
|
Top of the 6th over - 0 run(s), 1 hit(s), 0 error(s), 1 left on base; Indian Hills 1 - Monroe 4 |
BOTTOM OF THE 6TH |
Monroe Mallards batting - Pitching for Indian Hills Voodoo : RHP Orlando Aldape
|
Batting: RHB Cisco López
|
0-0: Called Strike 0-1: Ball 1-1: Swinging Strike 1-2: Strikes out swinging
|
Pitching: RHP Michael MacDonald
|
|
Batting: RHB Stephen Black
|
0-0: Called Strike 0-1: Swinging Strike 0-2: Ball 1-2: Strikes out swinging
|
Batting: RHB Rafael Crus
|
0-0: Ball 1-0: Called Strike 1-1: Ball 2-1: Foul Ball, location: 2F 2-2: Ball 3-2: Strikes out swinging
|
Bottom of the 6th over - 0 run(s), 0 hit(s), 0 error(s), 0 left on base; Indian Hills 1 - Monroe 4 |
TOP OF THE 7TH |
Indian Hills Voodoo batting - Pitching for Monroe Mallards : RHP Mark Thompson
|
Batting: LHB Jorge Ortega
|
0-0: Called Strike 0-1: Foul Ball, location: 2F 0-2: Ball 1-2: Strikes out swinging
|
Batting: SHB Pancho Ruíz
|
0-0: Ball 1-0: Ground out 4-3 (Groundball, 4D)
|
Batting: RHB Jorge Guzmán
|
0-0: Foul Ball, location: 2F 0-1: Ball 1-1: Ball 2-1: Foul Ball, location: 2F 2-2: Strikes out looking
|
Top of the 7th over - 0 run(s), 0 hit(s), 0 error(s), 0 left on base; Indian Hills 1 - Monroe 4 |
BOTTOM OF THE 7TH |
Monroe Mallards batting - Pitching for Indian Hills Voodoo : RHP Michael MacDonald
|
Batting: SHB Richie Gallegos
|
0-0: Ball 1-0: Ground out U3 (Groundball, 3L)
|
Batting: LHB Ramón Chávez
|
0-0: Reached on error, E8 (Flyball, 8LM)
|
Batting: RHB Ricardo López
|
0-0: Foul Ball, location: 2F 0-1: Called Strike 0-2: Strikes out swinging
|
Batting: RHB Roberto Sánchez
|
0-0: Called Strike 0-1: Ball 1-1: Foul Ball, location: 2F 1-2: Ball 2-2: Strikes out swinging
|
Bottom of the 7th over - 0 run(s), 0 hit(s), 1 error(s), 1 left on base; Indian Hills 1 - Monroe 4 |
TOP OF THE 8TH |
Indian Hills Voodoo batting - Pitching for Monroe Mallards : RHP Mark Thompson
|
Batting: RHB Dave McGuire
|
0-0: Called Strike 0-1: Ball 1-1: Swinging Strike 1-2: Ball 2-2: Strikes out looking
|
Batting: RHB Doug Hunt
|
0-0: Ball 1-0: Ground out 4-3 (Groundball, 4)
|
Batting: RHB Thomas Moore
|
0-0: Ball 1-0: Ball 2-0: Called Strike 2-1: Ball 3-1: Swinging Strike 3-2: SINGLE (Groundball, 25) (infield hit)
|
Pitching: RHP Ben Simpson
|
|
Batting: LHB Robinson López
|
0-0: Ball 1-0: Foul Ball, location: 2F 1-1: Ball 2-1: Swinging Strike 2-2: Ball 3-2: Foul Ball, location: 2F 3-2: Foul Ball, location: 2F 3-2: Base on Balls Thomas Moore to second
|
Pitching: LHP Dave Hughes
|
|
Batting: SHB Cisco Oliva
|
0-0: Ground out 3-1 (Groundball, 34)
|
Top of the 8th over - 0 run(s), 1 hit(s), 0 error(s), 2 left on base; Indian Hills 1 - Monroe 4 |
BOTTOM OF THE 8TH |
Monroe Mallards batting - Pitching for Indian Hills Voodoo : RHP Michael MacDonald
|
Batting: RHB Dave Sawyer
|
0-0: Ball 1-0: Called Strike 1-1: Fly out, F8 (Flyball, 8RM)
|
Batting: LHB Allen Boyd
|
0-0: Ball 1-0: Foul Ball, location: 2F 1-1: Ball 2-1: Foul Ball, location: 2F 2-2: Fly out, F4 (Line Drive, 4)
|
Batting: RHB Cisco López
|
0-0: Ball 1-0: Called Strike 1-1: Hit by Pitch
|
Batting: RHB Stephen Black
|
0-0: Called Strike 0-1: Ball 1-1: Foul Ball, location: 2F 1-2: Fielders Choice at 2nd, 6-4 (Groundball, 6)
|
Bottom of the 8th over - 0 run(s), 0 hit(s), 0 error(s), 0 left on base; Indian Hills 1 - Monroe 4 |
TOP OF THE 9TH |
Indian Hills Voodoo batting - Pitching for Monroe Mallards : LHP Dave Hughes
|
Pitching: LHP Zach Lowery
|
|
Batting: RHB Ron Davis
|
0-0: Foul Ball, location: 2F 0-1: Swinging Strike 0-2: Strikes out swinging
|
Batting: LHB Jorge Ortega
|
0-0: Foul Ball, location: 2F 0-1: Ball 1-1: Ball 2-1: Ground out U3 (Groundball, 3S)
|
Batting: SHB Pancho Ruíz
|
0-0: Foul Ball, location: 2F 0-1: SINGLE (Groundball, 34D)
|
Batting: RHB Jorge Guzmán
|
0-0: Called Strike 0-1: Ball 1-1: Ball 2-1: Foul Ball, location: 2F 2-2: DOUBLE (Flyball, 78M) Pancho Ruíz to third
|
Pinch Hitting: RHB Félix Cruz
|
0-0: Ball 1-0: Foul Ball, location: 2F 1-1: Ball 2-1: Called Strike 2-2: Ball 3-2: DOUBLE (Line Drive, 7LM) Pancho Ruíz scores Jorge Guzmán scores
|
Pitching: RHP Craig Mills
|
|
Batting: RHB Doug Hunt
|
0-0: Ball 1-0: Ball 2-0: Fly out, F9 (Line Drive, 9)
|
Top of the 9th over - 2 run(s), 3 hit(s), 0 error(s), 1 left on base; Indian Hills 3 - Monroe 4 |
|